 Dungeon Crawl Stone Soup version 0.18.1-8-gdd0e5ea (webtiles) character file.

4171 Gargoyl the Protected (level 10, -15/77 HPs)
             Began as a Demonspawn Abyssal Knight on May 31, 2016.
             Was an Elder of Lugonu.
             Demolished by Erolcha
             ... wielding a +7 giant spiked club
              (32 damage)
             ... on level 8 of the Dungeon.
             The game lasted 00:25:01 (11160 turns).

Gargoyl the Protected (Demonspawn Abyssal Knight)  Turns: 11160, Time: 00:25:02

Health: -15/77     AC: 17    Str: 16    XL:     10   Next: 7%
Magic:  12/12      EV:  9    Int: 13    God:    Lugonu [****..]
Gold:   153        SH:  4    Dex: 13    Spells: 0 memorised, 9 levels left

rFire  . . .     SeeInvis .     r - +3 war axe (venom)
rCold  . . .     Gourm    .     v - +2 chain mail
rNeg   . . .     Faith    +     w - +0 buckler
rPois  .         Spirit   .     (helmet restricted)
rElec  .         Dismiss  .     (no cloak)
rCorr  +         Reflect  .     l - +2 pair of gloves
SustAt .         Harm     .     (no boots)
MR     .....                    F - amulet of faith
Stlth  +.........               o - ring of resist corrosion
                                j - +1 ring of protection

@: flying, not resistant to hostile enchantments, very unstealthy
A: horns 1, talons 2, nightstalker 2, rot immunity
a: Depart the Abyss, Bend Space, Banish, Corrupt, Renounce Religion


You were on level 8 of the Dungeon.
You worshipped Lugonu.
Lugonu was greatly pleased with you.
You were not hungry.

You visited 1 branch of the dungeon, and saw 8 of its levels.
You visited the Abyss 1 time.

You collected 413 gold pieces.
You spent 260 gold pieces at shops.

Inventory:

Hand Weapons
 r - a +3 war axe of venom (weapon)
 s - a +4 flail
 u - a +2 flail of protection
Armour
 l - a +2 pair of gloves (worn)
 v - a +2 chain mail (worn)
 w - a +0 buckler (worn)
Jewellery
 b - an uncursed ring of ice
 d - an uncursed amulet of rage
 j - a +1 ring of protection (left hand)
 m - an uncursed ring of ice
 o - a ring of resist corrosion (right hand)
 F - an amulet of faith (around neck)
Wands
 f - a wand of confusion (25/48)
 k - a wand of acid (0/15)
 p - a wand of flame (19/48)
 t - a wand of lightning (3/15)
 H - a wand of slowing (39/48)
Scrolls
 e - a scroll of blinking
 x - a scroll of remove curse
 E - a scroll of amnesia
Potions
 h - a potion of cure mutation
 n - 2 potions of flight
 A - a potion of invisibility {unknown}
 B - 2 potions of might {unknown}
 I - a potion of agility
Books
 C - a book of the Tempests

   Spells                             Type                      Level
   a - Static Discharge               Conjuration/Air              3
   b - Lightning Bolt                 Conjuration/Air              5
   c - Fireball                       Conjuration/Fire             5
   d - Tornado                        Air                          9
   e - Shatter                        Earth                        9
Miscellaneous
 g - a lamp of fire
Comestibles
 c - 8 bread rations
 q - a meat ration
 z - 3 fruits
 D - 7 beef jerkies
 G - 3 chunks of flesh


   Skills:
 + Level 6.5 Fighting
 + Level 5.8 Axes
 * Level 9.3 Armour
 + Level 4.8 Dodging
 + Level 1.0 Stealth
 + Level 2.4 Shields
 + Level 2.8 Invocations
 + Level 0.8 Evocations


You had 9 spell levels left.
You didn't know any spells.

Dungeon Overview and Level Annotations

Branches:
Dungeon (8/15)             Temple (0/1) D:4            Lair (0/8) D:8

Altars:
Cheibriados
Dithmenos
Elyvilon
Fedhas
Gozag
Kikubaaqudgha
Makhleb
Okawaru
Ru
Vehumet
Yredelemnul
The Shining One

Shops:
D:6 *

Annotations:
D:8 Erolcha


Innate Abilities, Weirdness & Mutations

You have razor-sharp toenails.
You are significantly more attuned to the shadows.
You are immune to rotting.
You have a pair of small horns on your head.


Message History

You barely miss something. Something hits you! Something hits you!
* * * LOW HITPOINT WARNING * * *
Wield which item (- for none, * to show all)? (? for menu, Esc to quit)
Okay, then.
Drink which item? (? for menu, Esc to quit)
You feel better.
You feel less invigorated. Something hits you!!
* * * LOW HITPOINT WARNING * * *
Press: ? - help, Shift-Dir - straight line You fail to use your ability.
Drink which item? (? for menu, Esc to quit)
You feel better.
You hear some strange, mumbled words.
A puff of flame appears from out of thin air!
The puff of flame hits you!
Drink which item? (? for menu, Esc to quit)
It was a potion of flight.
You feel very buoyant.
You fly up into the air.
Something hits you!!
You die...

#. .. ## ##.
.####. ....[
##... ##..###
#+++#
##......
#@{.#
####...####
#.###
#....###
#.######..###
# #.........#
###
#######..##
#.. #### #..
#.. #.. #..


There were no monsters in sight!

Vanquished Creatures
  Pikel (D:7)
  The ghost of vanDroid the Vandal, a novice CeHu of Nemelex Xobeh (D:6)
  Sigmund (D:3)
  3 hippogriffs (D:7)
  A water moccasin (D:6)
  3 orc warriors
  A black bear (D:8)
  2 slaves (D:7)
  A sky beast (D:5)
  5 ogres
  A phantom (D:4)
  A necrophage (D:7)
  4 centaurs
  The ghost of Budika the Vandal, an amateur HaHu (D:3)
  A big kobold (D:7)
  A giant frog (D:6)
  A water moccasin zombie (D:8)
  A howler monkey (D:3)
  4 wights
  A jelly (D:5)
  2 crimson imps
  3 orc priests
  2 giant frog skeletons
  An iguana (D:6)
  4 orc wizards
  5 worker ants
  A hound skeleton (D:6)
  A mummy (D:7)
  A worker ant zombie (D:6)
  9 gnolls
  11 adders
  2 shadow imps (D:5)
  An ooze (D:1)
  2 adder skeletons
  4 worms
  2 dart slugs
  2 giant geckos
  21 orcs
  5 bats
  3 giant cockroaches
  4 goblins
  6 hobgoblins
  6 jackals
  12 kobolds
  9 quokkas
  A ball python (D:5)
  A giant gecko skeleton (D:3)
  5 giant newts
  A quokka zombie (D:5)
  8 rats
170 creatures vanquished.

Vanquished Creatures (collateral kills)
  A gnoll (D:1)
1 creature vanquished.

Vanquished Creatures (others)
  2 slaves (D:8)
  3 plants (D:8)
5 creatures vanquished.

Grand Total: 176 creatures vanquished

Notes
Turn   | Place    | Note
--------------------------------------------------------------
     0 | Abyss:1  | Gargoyl the Demonspawn Abyssal Knight began the quest for the Orb.
     0 | Abyss:1  | Reached XP level 1. HP: 18/18 MP: 2/2
     2 | Abyss:1  | Found a corrupted altar of Lugonu.
    41 | Abyss:1  | Found a corrupted altar of Lugonu.
    79 | Abyss:1  | Noticed a wraith
    81 | Abyss:1  | Noticed a neqoxec
   143 | Abyss:2  | Found a shattered altar of Ashenzari.
   164 | Abyss:2  | Noticed a large abomination
   188 | Abyss:2  | Noticed a raiju
   189 | D:1      | Escaped the Abyss
   406 | D:1      | Gained mutation: You have sharp toenails. [demonic ancestry]
   406 | D:1      | Reached XP level 2. HP: 20/24 MP: 3/3
   408 | D:1      | Reached skill level 2 in Armour
   536 | D:1      | Reached skill level 1 in Dodging
   617 | D:1      | Reached * piety under Lugonu
   720 | D:1      | Gained mutation: You have a pair of small horns on your head. [potion of mutation]
   720 | D:1      | Gained mutation: Your flesh is cold resistant. [potion of mutation]
   720 | D:1      | Gained mutation: You are robust (+10% HP). [potion of mutation]
   727 | D:1      | Gained mutation: You have razor-sharp toenails. [demonic ancestry]
   727 | D:1      | Reached XP level 3. HP: 17/31 MP: 5/5
  1402 | D:2      | Found a glowing golden altar of the Shining One.
  1744 | D:3      | Gained mutation: You are slightly more attuned to the shadows. [demonic ancestry]
  1744 | D:3      | Reached XP level 4. HP: 29/39 MP: 6/6
  2210 | D:3      | Noticed Sigmund
  2224 | D:3      | Reached skill level 3 in Armour
  2253 | D:3      | Killed Sigmund
  2253 | D:3      | Reached skill level 4 in Armour
  2253 | D:3      | Reached XP level 5. HP: 16/46 MP: 7/7
  2253 | D:3      | Gained mutation: You are significantly more attuned to the shadows. [demonic ancestry]
  2253 | D:3      | Reached XP level 6. HP: 18/52 MP: 8/8
  2361 | D:3      | Noticed Budika's ghost (amateur HaHu)
  2520 | D:3      | Killed Budika's ghost
  2520 | D:3      | Reached ** piety under Lugonu
  2832 | D:3      | Found a shadowy altar of Dithmenos.
  2832 | D:3      | Found a basalt altar of Yredelemnul.
  3333 | D:4      | Found an opulent altar of Gozag.
  3460 | D:4      | Found a staircase to the Ecumenical Temple.
  3542 | D:4      | Found a sacrificial altar of Ru.
  3603 | D:4      | HP: 2/52 [howler monkey (1)]
  3972 | D:3      | Reached skill level 5 in Armour
  4318 | D:4      | Reached XP level 7. HP: 20/59 MP: 9/9
  4911 | D:4      | Found a white marble altar of Elyvilon.
  5023 | D:4      | Gained mutation: Your spells are a little harder to cast, but a little more powerful. [potion of mutation]
  5023 | D:4      | Gained mutation: You occasionally shout uncontrollably at your foes. [potion of mutation]
  5023 | D:4      | Gained mutation: Your natural rate of healing is unusually fast. [potion of mutation]
  5496 | D:5      | Entered Level 5 of the Dungeon
  5522 | D:5      | Reached skill level 6 in Armour
  5530 | D:5      | Gained mutation: You have a pair of horns on your head. [mutagenic meat]
  5534 | D:5      | Lost mutation: You occasionally shout uncontrollably at your foes. [mutagenic meat]
  5535 | D:5      | Lost mutation: Your natural rate of healing is unusually fast. [mutagenic meat]
  6234 | D:4      | Reached XP level 8. HP: 56/67 MP: 10/10
  7109 | D:5      | Found a radiant altar of Vehumet.
  7109 | D:5      | Found a burning altar of Makhleb.
  7234 | D:5      | Reached *** piety under Lugonu
  7236 | D:5      | Lost mutation: Your flesh is cold resistant. [potion of cure mutation]
  7236 | D:5      | Lost mutation: Your spells are a little harder to cast, but a little more powerful. [potion of cure mutation]
  7236 | D:5      | Lost mutation: You are robust (+10% HP). [potion of cure mutation]
  7236 | D:5      | Lost mutation: You have a pair of horns on your head. [potion of cure mutation]
  7257 | D:5      | Reached skill level 7 in Armour
  7604 | D:5      | Reached skill level 5 in Fighting
  8240 | D:6      | Noticed vanDroid's ghost (novice CeHu)
  8265 | D:6      | Killed vanDroid's ghost
  8266 | D:6      | Reached XP level 9. HP: 21/68 MP: 11/11
  8612 | D:6      | Found Xanefemiu's General Store.
  8637 | D:6      | Bought a scroll of brand weapon for 260 gold pieces
  8707 | D:6      | Reached **** piety under Lugonu
  8709 | D:6      | Found an iron altar of Okawaru.
  8788 | D:6      | Reached skill level 8 in Armour
  9074 | D:7      | Found a snail-covered altar of Cheibriados.
  9204 | D:7      | Reached skill level 1 in Shields
  9595 | D:7      | Reached skill level 5 in Axes
  9789 | D:7      | Found a glowing golden altar of the Shining One.
  9933 | D:7      | Found an ancient bone altar of Kikubaaqudgha.
 10047 | D:7      | Reached skill level 1 in Stealth
 10477 | D:8      | Noticed Pikel
 10502 | D:7      | Killed Pikel
 10502 | D:7      | Reached skill level 9 in Armour
 10673 | D:8      | Found a staircase to the Lair.
 10766 | D:8      | Gained mutation: You are immune to rotting. [demonic ancestry]
 10766 | D:8      | Reached XP level 10. HP: 37/77 MP: 12/12
 11032 | D:8      | Found a blossoming altar of Fedhas.
 11145 | D:8      | Noticed Erolcha
 11160 | D:8      | Demolished by Erolcha

Skill      XL: |  1  2  3  4  5  6  7  8  9 |
---------------+----------------------------+-----
Armour         | 2 4 5 6 7 9 |  9.3
Dodging        | 1 2 3 4 |  4.8
Axes           | 2 3 4 5 |  5.8
Fighting       | 4 5 6 |  6.5
Shields        | 2 |  2.4
Stealth        | 1 |  1.0
Invocations    | |  2.8
Evocations     | |  0.8

Action                   |  1- 3 |  4- 6 |  7- 9 | 10-12 || total
-------------------------+-------+-------+-------+-------++-------
Melee: Hand axe          |    97 |   192 |   283 |       ||   572
       Kick              |    21 |    45 |   139 |     6 ||   211
       Headbutt          |    11 |    27 |    79 |     3 ||   120
       War axe           |       |       |   203 |    22 ||   225
Invok: Depart the Abyss  |     1 |       |       |       ||     1
 Abil: Evoke Berserk Rag |       |       |     1 |       ||     1
Evoke: Lamp of fire      |     1 |       |       |       ||     1
       Wand              |       |       |     2 |       ||     2
  Use: Potion            |     1 |     5 |     4 |     4 ||    14
       Scroll            |       |       |    17 |     1 ||    18
 Stab: Sleeping          |       |     3 |       |       ||     3
  Eat: Chunk             |     2 |     7 |    28 |     2 ||    39
       Beef jerky        |       |     1 |       |       ||     1
Armor: Leather armour    |    12 |       |       |       ||    12
       Scale mail        |    25 |   104 |     9 |       ||   138
       Skin              |       |    13 |    19 |       ||    32
       Chain mail        |       |       |   301 |    19 ||   320
Dodge: Dodged            |    51 |   115 |   222 |    16 ||   404
Block: Buckler           |       |       |    72 |     6 ||    78
